 Dungeon Crawl Stone Soup version 0.28.0-45-g0d030f2227 (webtiles) character file.

Game seed: 6126221087363727541

67 McKennaii the Conjurer (level 4, 20/30 HPs)
             Began as a Demonspawn Conjurer on Apr 12, 2022.
             Quit the game on level 2 of the Dungeon.
             The game lasted 00:01:03 (1943 turns).

McKennaii the Conjurer (Demonspawn Conjurer)        Turns: 1943, Time: 00:01:03

Health: 20/30      AC:  2    Str:  8    XL:     4   Next: 0%
Magic:  3/8        EV: 12    Int: 21    God:
Gold:   68         SH:  0    Dex: 11    Spells: 8/9 levels left

rFire   . . .      SeeInvis .   (no weapon)
rCold   . . .      Faith    .   (no shield)
rNeg    . . .      Spirit   .   a - +0 robe
rPois   .          Reflect  .   (no helmet)
rElec   .          Harm     .   (no cloak)
rCorr   .          Rampage  .   (no gloves)
Will    .....                   (no boots)
Stlth   ++........              (no amulet)
HPRegen 0.10/turn               (no ring)
MPRegen 0.11/turn               (no ring)

@: no status effects
A: powered by death 1, demonic touch 1
a: no special abilities


You were on level 2 of the Dungeon.
You visited 1 branch of the dungeon, and saw 2 of its levels.

You collected 68 gold pieces.

Inventory:

Armour
 a - a +0 robe (worn)
Potions
 b - a potion of lignification {unknown}
 c - a potion of heal wounds {unknown}


   Skills:
 - Level 1.7 Dodging
 - Level 1.7 Stealth
 + Level 3.1 Spellcasting
 + Level 4.8 Conjurations


You had 8 spell levels left.
You knew the following spells:

 Your Spells              Type           Power      Damage    Failure   Level
a - Magic Dart            Conj           92%        1d7       1%          1

Your spell library contained the following spells:

 Spells                   Type           Power      Damage    Failure   Level
 Searing Ray              Conj           46%        2d6       2%          2
 Dazzling Flash           Conj/Hex       26%        N/A       14%         3
 Fulminant Prism          Conj/Hex       6%         3d7       43%         4
 Iskenderun's Mystic Bla  Conj/Tloc      13%        2d5       43%         4


Dungeon Overview and Level Annotations

Branches:
Dungeon (2/15)

Altars:


Innate Abilities, Weirdness & Mutations

You regenerate a little health from kills.
Your touch may inflict minor irresistible damage on your foes.


Message History

The hound skeleton bites you.
You climb upwards.
There is a stone staircase leading down here.
You start resting.
Magic restored.
You climb downwards.
The hound skeleton bites you. x2
There is a stone staircase leading up here.
A hound skeleton is nearby!
You are too injured to fight recklessly!
You are too injured to fight recklessly!
You are too injured to fight recklessly!
Casting: Magic Dart (safe; 1% risk of failure)
Confirm with . or Enter, or press ? or * to list all spells.
Aiming: Magic Dart (safe; 1% risk of failure)
Press: ? - help, Shift-Dir - straight line, f - hound skeleton
Aim: a hound skeleton (almost destroyed, 100% to hit)
The magic dart hits the hound skeleton.
You destroy the hound skeleton!
Your Spellcasting skill increases to level 3!
Unknown command.
Magic restored.
A gnoll is nearby!
A gnoll is nearby!
The magic dart hits the gnoll.
The gnoll is moderately wounded.
The gnoll shouts!
The magic dart hits the gnoll!
The gnoll is severely wounded.
The magic dart hits the gnoll.
The gnoll is almost dead.
The gnoll barely misses you.
The magic dart hits the gnoll.
You kill the gnoll!
You have reached level 4!
You feel stronger.
Your demonic ancestry asserts itself...
Your hands begin to faintly glow with unholy energy.
The gnoll shouts!
Things that are here:
a +0 spear of venom; a glowing dark potion; a gnoll corpse Are you sure you want to abandon this character and quit the game? (Confirm with "yes".)

#..#......# #......#.##
#### ## ####.#.#.# ##...
# ... .....#g#.. ...##
.##.## .....#g##### ..†
......
.....#.....###.###......
.....#...g...#<#.....8..
.....#.###.#.#..........
.....#.###.# ###@#.....
.....#.....# #.# #..
##.#g######### #..
.............# #g#.
....g......#.# ..#..
......g....#.# ..# ##
##.###g......# ###
#.###.#######
#...<........


You could see a gnoll.

Vanquished Creatures
  A hound skeleton (D:2)
  2 gnolls (D:2)
  A dart slug (D:1)
  2 ball pythons
  2 endoplasms (D:1)
  2 giant cockroaches (D:1)
  3 goblins (D:1)
  4 hobgoblins (D:1)
  4 quokkas (D:1)
  6 bats
  2 frilled lizards (D:1)
  2 kobolds (D:1)
31 creatures vanquished.

Notes
Turn   | Place    | Note
-------+----------+-------------------------------------------
     0 | D:1      | McKennaii the Demonspawn Conjurer began the quest for the
                  | Orb.
     0 | D:1      | Reached XP level 1. HP: 13/13 MP: 3/3
   261 | D:1      | Gained mutation: You regenerate a little health from kills.
                  | [demonic ancestry]
   261 | D:1      | Reached XP level 2. HP: 19/19 MP: 1/5
  1084 | D:1      | Reached XP level 3. HP: 12/24 MP: 0/7
  1941 | D:2      | Gained mutation: Your touch may inflict minor irresistible
                  | damage on your foes. [demonic ancestry]
  1941 | D:2      | Reached XP level 4. HP: 20/30 MP: 3/8
  1943 | D:2      | Quit the game

Illustrated notes

Levels and vault maps discovered:
D:1:      wander_arrival_peaceful_grave, layout_basic, hex_large
D:2:      layout_basic, serial_undead, serial_undead_c, serial_undead_d,
          serial_undead_e, serial_undead_f, uniq_terence

Skill      XL: |  1  2  3 |
---------------+----------+-----
Spellcasting   | 3 |  3.1
Dodging        | |  1.7
Stealth        | |  1.7
Conjurations   | |  4.8

Action                   |  1- 3 |  4- 6 || total
-------------------------+-------+-------++-------
Melee: Unarmed           |    12 |       ||    12
       Punch             |     1 |       ||     1
 Cast: Magic Dart        |    70 |       ||    70
Armor: Robe              |     4 |       ||     4
Dodge: Dodged            |    24 |       ||    24
